 Dungeon Crawl Stone Soup version 0.23-b1 (webtiles) character file.

Game seed: 14401746027824169844

1389 Kohma the Blocker (level 8, -7/66 HPs)
             Began as a Minotaur Fighter on Jan 30, 2019.
             Was an Initiate of Yredelemnul.
             Killed from afar by an electric eel (12 damage)
             ... with a bolt of electricity
             ... on level 6 of the Dungeon.
             The game lasted 00:13:51 (5865 turns).

Kohma the Blocker (Minotaur Fighter)                Turns: 5865, Time: 00:13:51

Health: -7/66      AC:  9    Str: 22    XL:     8   Next: 40%
Magic:  8/8        EV: 10    Int:  5    God:    Yredelemnul [......]
Gold:   70         SH: 11    Dex: 11    Spells: 7/7 levels left

rFire    . . .     SeeInvis .   a - +0 war axe
rCold    . . .     Gourm    .   c - +0 shield
rNeg     . . .     Faith    .   k - +0 chain mail
rPois    .         Spirit   .   (helmet restricted)
rElec    .         Reflect  .   e - scarf {cloud immunity}
rCorr    .         Harm     .   (no gloves)
MR       .....                  (no boots)
Stlth    ..........             (no amulet)
HPRegen  0.21/turn              C - +4 ring of evasion
MPRegen  0.11/turn              (no ring)

@: very slightly contaminated
A: retaliatory headbutt, horns 2
a: Renounce Religion


You were on level 6 of the Dungeon.
You worshipped Yredelemnul.
Yredelemnul was noncommittal.
You were not hungry.

You visited 2 branches of the dungeon, and saw 7 of its levels.

You collected 258 gold pieces.
You spent 188 gold pieces at shops.

Inventory:

Hand Weapons
 a - a +0 war axe (weapon)
 j - a +4 short sword of venom
Missiles
 h - 87 stones (quivered)
Armour
 c - a +0 shield (worn)
 e - a scarf of cloud immunity (worn)
 k - a +0 chain mail (worn)
 w - a +1 large shield
Jewellery
 C - a +4 ring of evasion (left hand)
Wands
 q - a wand of scattershot (5)
 t - a wand of paralysis (13)
Scrolls
 b - a scroll of enchant armour
 l - a scroll of fear {unknown}
 r - a scroll of noise {unknown}
 v - 3 scrolls of remove curse
 y - a scroll of teleportation
 B - a scroll of blinking
Potions
 d - a potion of might
 g - a potion of agility {unknown}
 i - 5 potions of curing
 m - 2 potions of haste
 n - a potion of ambrosia {unknown}
 p - a potion of invisibility {unknown}
 s - a potion of berserk rage {unknown}
 u - 2 potions of mutation {unknown}
 x - a potion of cancellation {unknown}
 z - a potion of flight {unknown}
 A - 2 potions of heal wounds {unknown}
 E - a potion of lignification {unknown}
Comestibles
 f - 8 rations


   Skills:
 - Level 4.0 Fighting
 * Level 8.3 Axes
 - Level 5.0 Armour
 * Level 8.8 Shields
 + Level 2.5 Invocations


You had 7 spell levels left.
You didn't know any spells.
Your spell library was empty.

Dungeon Overview and Level Annotations

Branches:
Dungeon (6/15)             Temple (1/1) D:5

Altars:
Cheibriados
Dithmenos
Elyvilon
Fedhas
Gozag
Hepliaklqana
Nemelex Xobeh
Okawaru
Qazlal
Sif Muna
Uskayaw
Wu Jian
Xom
Yredelemnul
The Shining One

Shops:
D:4 ?


Innate Abilities, Weirdness & Mutations

You reflexively headbutt those who attack you in melee.
You have a pair of horns on your head.


Message History

You headbutt the electric eel, but do no damage.
The electric eel is severely wounded.
You barely miss the electric eel.
The electric eel shoots out a bolt of lightning at you!
The bolt of electricity hits you!
* * * LOW HITPOINT WARNING * * *
The bolt of electricity misses you.
The bolt of electricity hits the electric eel.
The electric eel completely resists.
Okay, then.
Okay, then.
Okay, then.
Blink to where?
Press: ? - help, Dir - move target cursor, p - electric eel You are very lightly contaminated with residual magic.
As you read the scroll of blinking, it crumbles to dust.
The electric eel shoots out a bolt of lightning at you!
The bolt of electricity hits you!
You die...
Your body rises from the dead as a mindless zombie.

########## ##≈≈≈†....## .
##.########≈## ### #.
#.##≈.%...##≈# #.) ..
#.#≈≈≈.P...#≈# #.##.#
#.#≈(?;....#≈# #.#...
#÷#≈≈;§(..'#.#.. #(....
##≈##≈.....#.@#.# #<..#.
##≈##########≈##. .###.##....
#≈##;%)P..##≈≈#.. .#.........##
#.#;≈%PP...#≈##.##.####.####)##
#.#;%≈P....#≈##.##.# #...
#.#;≈;;P..'#.##.##.# ##.##
##'##≈..P. #..#...#.#.##.###...#
#...########.##.#.#.#........_..
##.........###..#...#...##.#...#


You could see 2 electric eels.

Vanquished Creatures
  An orc warrior (D:6)
  A sky beast (D:6)
  2 ogres
  A phantom (D:4)
  3 centaurs
  2 scorpions (D:4)
  An electric eel (D:6)
  A gnoll shaman (D:5)
  A hound (D:6)
  An orc priest (D:6)
  A centaur skeleton (D:6)
  4 orc wizards
  Terence (D:3)
  5 worker ants
  3 gnolls
  5 adders
  3 shadow imps
  2 leopard geckos
  17 orcs
  3 ball pythons
  5 bats
  5 giant cockroaches
  13 goblins
  3 hobgoblins
  14 jackals
  A quokka (D:3)
  6 frilled lizards
  A jackal skeleton (D:6)
  8 kobolds
  A leopard gecko skeleton (D:6)
  8 rats
123 creatures vanquished.

Notes
Turn   | Place    | Note
-------+----------+-------------------------------------------
     0 | D:1      | Kohma the Minotaur Fighter began the quest for the Orb.
     0 | D:1      | Reached XP level 1. HP: 19/19 MP: 0/0
    58 | D:1      | Reached XP level 2. HP: 26/27 MP: 1/1
   620 | D:1      | Reached XP level 3. HP: 33/33 MP: 2/2
   863 | D:1      | Found a blossoming altar of Fedhas.
  1451 | D:3      | Noticed Terence
  1454 | D:3      | Killed Terence
  1454 | D:3      | Reached XP level 4. HP: 40/40 MP: 3/3
  1686 | D:3      | Reached skill level 5 in Shields
  2200 | D:4      | Got a warped spear
  2307 | D:4      | Reached XP level 5. HP: 25/46 MP: 4/4
  2863 | D:4      | Reached skill level 5 in Axes
  2863 | D:4      | Reached XP level 6. HP: 42/52 MP: 5/5
  3114 | D:4      | Reached skill level 5 in Armour
  3370 | D:4      | Found Esiffo's Magic Scroll Shop.
  3381 | D:4      | Bought a scroll of identify for 26 gold pieces
  3381 | D:4      | Bought a scroll of identify for 26 gold pieces
  3381 | D:4      | Bought a scroll of teleportation for 39 gold pieces
  3381 | D:4      | Bought a scroll of blinking for 97 gold pieces
  3381 | D:4      | Identified the +2 spear "Hecal" {chaos, rPois rC+ Str+4}
                  | (You found it on level 4 of the Dungeon)
  3610 | D:5      | Entered Level 5 of the Dungeon
  3688 | D:5      | Found a deep blue altar of Sif Muna.
  3689 | D:5      | Found an opulent altar of Gozag.
  3689 | D:5      | Found a shimmering altar of Xom.
  3690 | D:5      | Found an ornate altar of the Wu Jian Council.
  3690 | D:5      | Found a glowing golden altar of the Shining One.
  3731 | D:5      | Reached XP level 7. HP: 44/59 MP: 6/6
  3908 | D:5      | Found a staircase to the Ecumenical Temple.
  4003 | Temple   | Entered the Ecumenical Temple
  4046 | Temple   | Became a worshipper of Yredelemnul the Dark
  4561 | D:6      | Found a hazy altar of Hepliaklqana.
  4564 | D:6      | Reached skill level 1 in Invocations
  4653 | D:6      | Reached XP level 8. HP: 55/66 MP: 6/8
  5865 | D:6      | Killed from afar by an electric eel

Skill      XL: |  1  2  3  4  5  6  7  8 |
---------------+-------------------------+-----
Shields        | 4 5 6 8 |  8.8
Axes           | 3 4 5 6 7 8 |  8.3
Fighting       | 4 |  4.0
Armour         | 4 5 |  5.0
Invocations    | 1 2 |  2.5

Action                   |  1- 3 |  4- 6 |  7- 9 || total
-------------------------+-------+-------+-------++-------
Melee: War axe           |   124 |   146 |   108 ||   378
       Headbutt          |    15 |    18 |    26 ||    59
Throw: Javelin           |     5 |     1 |     7 ||    13
       Stone             |       |       |     5 ||     5
  Use: Scroll            |       |     9 |     2 ||    11
  Eat: Chunk             |     2 |     7 |     5 ||    14
       Ration            |       |       |     1 ||     1
Armor: Scale mail        |    39 |       |       ||    39
       Chain mail        |    27 |    59 |    45 ||   131
Dodge: Dodged            |    25 |    25 |    40 ||    90
Block: Shield            |    75 |    69 |    48 ||   192
